 Dungeon Crawl Stone Soup version 0.29-a0-378-gc08b2e8bf8 (webtiles) character file.

Game seed: 5892536417076165898

289371 Strat the Rapturous (level 20, -5/200 HPs)
             Began as a Hill Orc Necromancer on Apr 25, 2022.
             Was a Follower of Uskayaw.
             Killed from afar by an ironbound thunderhulk (25 damage)
             ... with a bolt of lightning
             ... on level 4 of the Vaults on May 4, 2022.
             The game lasted 02:23:18 (59995 turns).

Strat the Rapturous (Hill Orc Necromancer)         Turns: 59995, Time: 02:23:19

Health: -5/200     AC: 17    Str: 20    XL:     20   Next: 72%
Magic:  31/35      EV: 19    Int: 15    God:    Uskayaw [*.....]
Gold:   4610       SH:  7    Dex: 11    Spells: 5/25 levels left

rFire   . . .      SeeInvis .   b - +3 demon whip (spect)
rCold   + . .      Faith    .   I - +2 buckler
rNeg    . . .      Spirit   .   t - +2 leather armour {rC+}
rPois   .          Reflect  .   i - +2 helmet
rElec   .          Harm     .   e - scarf {repulsion}
rCorr   .          Rampage  .   T - +2 pair of gloves
Will    +....                   (no boots)
Stlth   +.........              k - amulet of regeneration
HPRegen 1.23/turn               g - +4 ring of protection
MPRegen 0.24/turn               q - +4 ring of evasion

@: repel missiles
A: no striking features
}: 2/15 runes: barnacled, gossamer
a: Renounce Religion, Stomp


You were on level 4 of the Vaults.
You worshipped Uskayaw.
Uskayaw was greatly pleased with you.
You visited 7 branches of the dungeon, and saw 36 of its levels.
You also visited: Ossuary, Bailey and Volcano.

You collected 5336 gold pieces.
You spent 726 gold pieces at shops.

Inventory:

Hand Weapons
 a - a +3 spectral morningstar
 b - a +3 spectral demon whip (weapon)
Missiles
 f - 16 javelins
 B - 8 curare-tipped darts
 M - 3 throwing nets
Armour
 e - a scarf of repulsion (worn)
 i - a +2 helmet (worn)
 o - a +2 hat of see invisible
 t - a +2 leather armour of cold resistance (worn)
 I - a +2 buckler (worn)
 T - a +2 pair of gloves (worn)
Jewellery
 g - a +4 ring of protection (left hand)
 k - an amulet of regeneration (around neck)
 q - a +4 ring of evasion (right hand)
 u - an amulet of reflection
 w - a ring of willpower
 x - the ring "Eninuisy" {Ice rElec}
   (You took it off a merfolk on level 4 of the Shoals)

   [ring of ice]

   It enhances your ice magic.
   rF:        It makes you vulnerable to fire.
   rC:        It protects you from cold.
   rElec:     It insulates you from electricity.
 y - a ring of resist corrosion
 H - a ring of poison resistance
 K - a ring of see invisible
 X - a ring of protection from fire
Wands
 d - a wand of acid (3)
 l - a wand of iceblast (16)
 C - a wand of mindburst (12)
 L - a wand of paralysis (9)
 O - a wand of flame (19)
 R - a wand of digging (4)
 U - a wand of polymorph (20)
 Y - a wand of charming (2)
Scrolls
 h - a scroll of holy word
 n - 3 scrolls of fear
 p - 6 scrolls of fog
 r - 3 scrolls of summoning
 A - 2 scrolls of teleportation
 F - 4 scrolls of magic mapping
 J - 19 scrolls of identify
 P - a scroll of silence
 V - 3 scrolls of enchant armour
Potions
 c - 8 potions of mutation
 j - 4 potions of magic
 m - a potion of might
 s - a potion of resistance
 v - 2 potions of curing
 z - 7 potions of ambrosia
 D - 2 potions of heal wounds
 E - 7 potions of haste
 G - 2 potions of berserk rage
 N - a potion of cancellation
 S - 4 potions of brilliance
Miscellaneous
 Q - a box of beasts
 W - a condenser vane (inert)


   Skills:
 - Level 22.0 Fighting
 - Level 16.0 Maces & Flails
 - Level 10.0 Armour
 - Level 10.0 Dodging
 - Level 1.5 Stealth
 - Level 5.0 Shields
 - Level 3.0 Spellcasting
 - Level 16.0 Necromancy
 - Level 22.0 Invocations
 + Level 8.2 Evocations


You had 5 spell levels left.
You knew the following spells:

 Your Spells              Type           Power      Damage    Failure   Level
a - Pain                  Necr           100%       1d9       1%          1
b - Animate Skeleton      Necr           100%       N/A       1%          1
c - Vampiric Draining     Necr           50%        2d9       1%          3
d - Animate Dead          Necr           25%        N/A       1%          4
e - Agony                 Necr           50%        N/A       1%          5
f - Death Channel         Necr           25%        N/A       6%          6

Your spell library contained the following spells:

 Spells                   Type           Power      Damage    Failure   Level
 Dispel Undead            Necr           50%        3d19      1%          4
 Foxfire                  Conj/Fire      8%         2x1d4     28%         1
 Magic Dart               Conj           8%         1d3       28%         1
 Sandblast                Erth           4%         2d4       28%         1
 Blink                    Tloc           4%         N/A       41%         2
 Passwall                 Tmut/Erth      1%         N/A       41%         2
 Searing Ray              Conj           4%         2d4       41%         2
 Static Discharge         Conj/Air       2%         N/A       41%         2
 Conjure Flame            Conj/Fire      2%         6-21      65%         3
 Ignite Poison            Fire/Tmut/Pois 2%         N/A       65%         3
 Inner Flame              Hex/Fire       2%         N/A       65%         3
 Lesser Beckoning         Tloc           2%         N/A       65%         3
 Mephitic Cloud           Conj/Pois/Air  2%         N/A       65%         3
 Stone Arrow              Conj/Erth      4%         3d7       65%         3
 Summon Guardian Golem    Hex/Summ       2%         N/A       65%         3
 Flame Wave               Conj/Fire      2%         2d4       96%         4
 Fulminant Prism          Conj/Hex       1%         3d6       96%         4
 Olgreb's Toxic Radiance  Pois           2%         N/A       96%         4
 Passage of Golubria      Tloc           2%         N/A       96%         4
 Sticky Flame             Conj/Fire      2%         2d3       96%         4
 Fireball                 Conj/Fire      1%         3d3       100%        5
 Freezing Cloud           Conj/Ice/Air   1%         6-21      100%        5
 Iskenderun's Battlesphe  Conj           2%         2d6       100%        5
 Lightning Bolt           Conj/Air       1%         1d12      100%        5
 Manifold Assault         Tloc           2%         N/A       100%        5
 Silence                  Hex/Air        1%         N/A       100%        5
 Summon Forest            Summ/Tloc      1%         N/A       100%        5
 Summon Mana Viper        Hex/Summ       2%         N/A       100%        5
 Conjure Ball Lightning   Conj/Air       1%         3x3d6     100%        6
 Dispersal                Tloc           1%         N/A       100%        6
 Starburst                Conj/Fire      1%         6d3       100%        6
 Summon Cactus Giant      Summ           1%         N/A       100%        6
 Orb of Destruction       Conj           1%         9d5       100%        7
 Ozocubu's Refrigeration  Ice            1%         4d5       100%        7
 Ignition                 Fire           1%         3d3       100%        8
 Lehudib's Crystal Spear  Conj/Erth      1%         10d2      100%        8


Dungeon Overview and Level Annotations

Branches:
Dungeon (15/15)            Temple (1/1) D:5            Lair (6/6) D:11
 Shoals (4/4) Lair:2       Spider (4/4) Lair:2        Slime (0/5) Lair:6
    Orc (2/2) D:12            Elf (0/3) Orc:2        Vaults (4/5) D:13
  Crypt (0/3) Vaults:2     Depths (0/4) D:15        Ossuary (visited)
 Bailey (visited)         Volcano (visited)

Altars:
Ashenzari
Cheibriados
Dithmenos
Elyvilon
Fedhas
Gozag
Hepliaklqana
Kikubaaqudgha
Makhleb
Nemelex Xobeh
Okawaru
Qazlal
Ru
Sif Muna
Trog
Uskayaw
Vehumet
Wu Jian
Xom
Yredelemnul
Zin
The Shining One
Beogh
Jiyva

Shops:
D:3 !   D:8 (   D:9 :   D:10 [   Orc:2 *[((

Annotations:
D:3 Sigmund
D:5 2 transporters, zishaf's ghost, amateur NaIE
D:7 3 runed translucent doors, Slifar's ghost, novice DrFE
D:12 1 runed translucent door, Patoropollo's ghost, journeyman MiAK
Lair:2 1 runed translucent door, Sukav's ghost, journeyman DsFi
Lair:4 exclusion: oklob plant
Vaults:3 3 runed translucent doors, Phlounder's ghost, adept DjSu


Message History

a +0 dire flail; a +0 animal skin You can no longer pass through a line of other dancers.
There is a large open door here.
A vault sentinel comes into view.
It is wielding a +0 falchion and carrying a wand of digging (6).
The vault sentinel shouts!
The vault sentinel blows a loud note on a signal horn!
You hear a roar!
You hear a shout! x2
You hear a roar!
The vault sentinel points at you and mumbles some strange words.
You barely resist.
The vault sentinel throws a stone.
The stone hits you but does no damage.
As you read the scroll of teleportation, it crumbles to dust.
You feel strangely unstable.
Your surroundings suddenly seem different.
The vault warden shouts!
The ironbound preserver shouts!
The vault guard shouts!
The vault guard shouts!
The vault guard hits you with a +1 battleaxe of venom!!
* * * LOW HITPOINT WARNING * * *
You are poisoned.
As you read the scroll of teleportation, it crumbles to dust.
You feel strangely unstable.
You feel very sick.
You feel very sick. The vault guard barely misses you.
The ironbound convoker gestures at something while chanting.
The vault warden activates a sealing rune.
You feel very sick. The vault guard barely misses you.
You feel better.
The ironbound preserver hits you with a +0 rapier!
* * * LOW HITPOINT WARNING * * *
You feel better.
Your surroundings suddenly seem different.
Found an escape hatch in the ceiling.
Found a stone staircase leading down.
An ironbound thunderhulk comes into view.
It is wielding a +0 dire flail.
The ironbound thunderhulk shouts!
Electricity crackles from the ironbound thunderhulk's apparatus.
The bolt of lightning hits you!!
You die...

#
.........#
.
.........#
.
.........#
.
O........#
.
.........#
.
...><....#
.
.........#
.
.......@.#
.
.........#
.
.........#
########+#
' ....
..#.


You could see an ironbound thunderhulk.

Vanquished Creatures
  Jorgrun (D:13)
  Mlioglotl (Spider:1)
  A titan (Vaults:3)
  A lich (Vaults:2)
  Agnes (D:15)
  5 sphinxes
  Kirke (D:12)
  2 emperor scorpions (Spider:4)
  3 ghost moths
  2 orc warlords
  8 vault wardens
  14 ironbound preservers
  3 very ugly things
  6 ironbound thunderhulks
  A broodmother (Spider:4)
  2 war gargoyles (Vaults:4)
  11 dire elephants
  5 entropy weavers
  3 minotaurs
  2 spark wasps
  2 merfolk javelineers
  Josephine (D:13)
  6 yaktaur captains
  2 merfolk impalers
  A fire dragon (shapeshifter) (Vaults:2)
  A fire dragon (D:15)
  7 great orbs of eyes
  2 vault guards
  A jorogumo (Spider:2)
  A rakshasa (Vaults:3)
  2 hydras
  An ice dragon (D:15)
  7 centaur warriors
  4 ironbound frosthearts
  2 catoblepae
  8 boulder beetles
  2 merfolk aquamancers (Shoals:3)
  2 two-headed ogres
  2 alligator snapping turtles (Shoals:3)
  3 radroaches
  16 satyrs
  3 merfolk avatars
  7 death scarabs (Spider:4)
  10 death yaks
  3 deep troll earth magi (Vaults:2)
  2 orc high priests (Orc:2)
  A deep troll shaman (Lair:6)
  A hell knight (Volcano)
  5 pharaoh ants
  12 sea snakes
  A sun moth (Spider:1)
  An iron troll (Vaults:2)
  43 deep trolls
  2 glowing orange brains
  2 orb spiders
  10 lindwurms
  3 steelbarb worms
  4 wizards
  2 necromancers
  14 ironbound convokers
  A phantasmal warrior (Vaults:3)
  4 deep elf pyromancers
  27 harpies
  6 orc knights
  2 broodmother zombies (Spider:4)
  4 wolf spiders
  7 cyclopes
  2 orc sorcerers
  24 ugly things
  25 fauns
  16 manticores
  24 slime creatures
  6 moths of wrath
  Joseph (D:7)
  9 merfolk sirens
  12 vault sentinels
  2 black mambas
  2 water nymphs (Shoals:2)
  20 elephants
  A torpor snail (Spider:4)
  2 unseen horrors (D:12)
  15 demonic crawlers
  2 redback zombies (Spider:4)
  15 cane toads
  2 tengu conjurers
  A kobold demonologist (D:9)
  A rime drake (Lair:3)
  6 komodo dragons
  34 yaktaurs
  A spectral redback (Spider:4)
  2 efreet
  A yaktaur zombie (Vaults:4)
  7 trolls
  22 merfolk
  3 harpy zombies (Shoals:3)
  7 wind drakes
  20 tarantellas
  A yaktaur skeleton (Vaults:3)
  3 spectral tarantellas (Spider:4)
  2 polar bears
  4 spectral jumping spiders (Spider:4)
  17 blink frogs
  3 jumping spider zombies (Spider:4)
  10 dream sheep
  2 ettin zombies (Vaults:4)
  9 snapping turtles
  A tarantella zombie (Spider:4)
  12 jumping spiders
  An ettin skeleton (Vaults:3)
  7 wraiths
  An elf skeleton (Vaults:4)
  7 water elementals
  9 culicivoras
  5 fire bats (Volcano)
  7 basilisks
  3 hogs
  5 wyverns
  10 humans (D:13)
  44 redbacks
  40 yaks
  5 steam dragons
  8 wargs
  9 vampire mosquitoes (D:13)
  2 hell hounds (Orc:1)
  An ogre skeleton (Vaults:3)
  8 water moccasins
  An acid dragon (D:11)
  38 orc warriors
  2 ice beasts
  A sky beast (D:6)
  5 black bears
  18 wolves
  6 boggarts
  3 ogres
  17 centaurs
  3 phantoms
  16 bullfrogs
  4 kobold brigands
  A gnoll sergeant (D:9)
  3 scorpions
  A necrophage (D:5)
  2 water moccasin zombies (Ossuary)
  4 wights
  9 killer bees
  2 vampire bats (Orc:2)
  3 electric eels
  8 howler monkeys
  2 human simulacra
  4 lava snakes (Volcano)
  3 jellies
  27 orc priests
  5 gnoll shamans
  4 hounds
  4 iguanas
  21 orc wizards
  A hell rat (Lair:2)
  2 mummies (Ossuary)
  Robin (D:2)
  6 adders
  25 gnolls
  2 white imps (D:6)
  An ufetubus (D:4)
  4 adder zombies (Ossuary)
  4 worms
  3 dart slugs
  75 orcs
  8 ball pythons
  A bat zombie (Shoals:3)
  4 endoplasms
  2 giant cockroaches
  26 goblins
  18 hobgoblins
  8 jackals
  28 kobolds
  3 quokkas
  13 bats
  2 frilled lizards
  4 gnoll zombies (Ossuary)
  5 hobgoblin zombies
  6 kobold zombies (Ossuary)
  4 orc zombies (Ossuary)
  7 rats
  2 tentacles (Shoals:3)
1326 creatures vanquished.

Vanquished Creatures (collateral kills)
  A shadow dragon (Vaults:3)
  An ironbound preserver (Vaults:3)
  A peacekeeper (Vaults:4)
  A death yak (Lair:5)
  A glowing orange brain (Vaults:3)
  An orb spider (Spider:4)
  A wizard (Vaults:4)
  A harpy (Vaults:1)
  A wolf spider (Spider:4)
  An ugly thing (Vaults:4)
  A torpor snail (Spider:4)
  A spectral redback (Spider:4)
  A spectral jumping spider (Spider:4)
  3 culicivoras (Spider:4)
  A yak (Lair:3)
  A redback (Spider:4)
  2 orc warriors (Orc:2)
  4 orcs (Orc:1)
  A goblin (Bailey)
  A hobgoblin (Bailey)
26 creatures vanquished.

Vanquished Creatures (others)
  2 humans (D:13)
  52 fungi
  110 plants
  25 tentacles (Shoals:3)
  3 toadstools (D:1)
192 creatures vanquished.

Grand Total: 1544 creatures vanquished

Notes
Turn   | Place    | Note
-------+----------+-------------------------------------------
     0 | D:1      | Strat the Hill Orc Necromancer began the quest for the Orb.
     0 | D:1      | Reached XP level 1. HP: 14/14 MP: 3/3
   100 | D:1      | You fall into a shaft and drop 1 floor!
   590 | D:2      | Noticed Robin
   599 | D:2      | Killed Robin
   600 | D:2      | Reached XP level 2. HP: 10/20 MP: 1/4
   632 | D:2      | Reached XP level 3. HP: 14/26 MP: 5/5
   829 | D:2      | Reached skill level 5 in Necromancy
  1030 | D:2      | Learned a level 1 spell: Animate Skeleton
  1034 | D:2      | Learned a level 3 spell: Vampiric Draining
  1398 | D:2      | Reached XP level 4. HP: 33/33 MP: 6/6
  1525 | D:1      | Found a faded altar of an unknown god.
  3037 | D:2      | Reached XP level 5. HP: 26/38 MP: 2/7
  3367 | D:3      | Noticed Sigmund
  3444 | D:3      | Found Fazaf's Distillery.
  3577 | D:3      | Bought a potion of curing for 36 gold pieces
  3577 | D:3      | Bought a potion of heal wounds for 60 gold pieces
  4521 | D:4      | Reached XP level 6. HP: 38/46 MP: 6/8
  4525 | D:4      | Reached skill level 1 in Fighting
  4864 | D:4      | Found a blossoming altar of Fedhas.
  5271 | D:5      | Entered Level 5 of the Dungeon
  5426 | D:5      | Found a staircase to the Ecumenical Temple.
  5434 | Temple   | Entered the Ecumenical Temple
  5846 | Temple   | Became a worshipper of Uskayaw the Reveller
  5883 | D:5      | Reached * piety under Uskayaw
  5887 | D:5      | Reached ** piety under Uskayaw
  5930 | D:5      | Reached skill level 1 in Armour
  5931 | D:5      | Reached *** piety under Uskayaw
  5933 | D:5      | Reached XP level 7. HP: 38/59 MP: 9/9
  6329 | D:5      | Found a transporter.
  6329 | D:5      | Noticed zishaf's ghost (amateur NaIE)
  6707 | D:5      | Reached skill level 5 in Fighting
  6707 | D:5      | Reached XP level 8. HP: 61/68 MP: 10/10
  6936 | D:5      | Found a transporter.
  7703 | D:5      | Reached skill level 5 in Invocations
  8096 | D:6      | Reached **** piety under Uskayaw
  8317 | D:6      | Reached XP level 9. HP: 62/81 MP: 14/14
  8467 | D:6      | Got the Almanac of Conjuration and Calling
  9116 | D:7      | Reached ***** piety under Uskayaw
  9275 | D:7      | Found a runed translucent gate.
  9276 | D:7      | Found a runed translucent gate.
  9277 | D:7      | Found a runed translucent gate.
  9279 | D:7      | Noticed a kobold demonologist
  9280 | D:7      | Noticed Slifar's ghost (novice DrFE)
  9478 | D:7      | Found a flagged portal.
  9577 | Bailey   | Entered a bailey
  9642 | Bailey   | Learned a level 4 spell: Animate Dead
  9990 | Bailey   | Noticed an orc knight
  9998 | Bailey   | Killed an orc knight
 10093 | Bailey   | Noticed an orc warlord
 10440 | D:7      | Noticed Joseph
 10741 | D:7      | Killed Joseph
 10742 | D:7      | Reached skill level 10 in Fighting
 10742 | D:7      | Reached skill level 10 in Invocations
 10742 | D:7      | Reached XP level 10. HP: 22/93 MP: 4/17
 11524 | D:7      | Paralysed by a wight for 2 turns
 12101 | D:7      | Found a shimmering blue altar of Sif Muna.
 12252 | D:8      | Found a sand-covered staircase.
 12261 | Ossuary  | Entered an ossuary
 12975 | D:8      | Reached skill level 1 in Maces & Flails
 13801 | D:8      | Found Qerrup's Weapon Shoppe.
 14785 | D:9      | Noticed a purple ugly thing
 15042 | D:9      | Reached skill level 5 in Maces & Flails
 15314 | D:9      | Killed a purple ugly thing
 15550 | D:9      | Paralysed by a gnoll for 7 turns
 16358 | D:9      | Found Wiupysif's Book Emporium.
 16362 | D:9      | Noticed a kobold demonologist
 16371 | D:9      | Killed a kobold demonologist
 16372 | D:9      | Reached XP level 11. HP: 66/99 MP: 18/18
 16504 | D:9      | Learned a level 5 spell: Agony
 17770 | D:10     | Entered Level 10 of the Dungeon
 18554 | D:10     | Found Uxtiox's Armour Emporium.
 18586 | D:10     | Reached skill level 10 in Necromancy
 18937 | D:11     | Noticed a red ugly thing
 18945 | D:11     | Killed a red ugly thing
 19692 | D:11     | Found a staircase to the Lair.
 20067 | D:12     | Noticed a manticore
 20079 | D:12     | Killed a manticore
 20602 | D:12     | Noticed a cyclops
 20602 | D:12     | Noticed a green ugly thing
 20954 | D:12     | Killed a green ugly thing
 20961 | D:12     | Killed a cyclops
 20962 | D:12     | Reached skill level 10 in Maces & Flails
 21546 | D:12     | Noticed a boulder beetle
 21634 | Lair:1   | Entered Level 1 of the Lair of Beasts
 23051 | Lair:1   | Reached XP level 12. HP: 48/106 MP: 15/19
 24735 | Lair:2   | Reached skill level 5 in Armour
 25180 | Lair:2   | Found a staircase to the Shoals.
 25509 | Lair:2   | Found a runed translucent door.
 25513 | Lair:2   | Noticed Sukav's ghost (journeyman DsFi)
 25583 | Lair:2   | Noticed a death yak
 25583 | Lair:2   | Noticed a death yak
 25583 | Lair:2   | Noticed a death yak
 25884 | Lair:2   | Found a hole to the Spider Nest.
 26972 | Lair:2   | Identified the +9 lajatang of Ifaciy {freeze, *Slow rCorr
                  | Dex+4}
 28288 | Lair:3   | Reached XP level 13. HP: 100/113 MP: 12/21
 30349 | Lair:5   | Found a hide-covered altar of Uskayaw.
 31296 | Lair:5   | Reached skill level 10 in Armour
 31383 | Lair:5   | Found an ornate altar of the Wu Jian Council.
 31581 | Lair:6   | Entered Level 6 of the Lair of Beasts
 31846 | Lair:6   | Found a viscous altar of Jiyva.
 31846 | Lair:6   | Found a staircase to the Slime Pits.
 31984 | Lair:6   | Reached ****** piety under Uskayaw
 32687 | Lair:6   | Reached skill level 15 in Maces & Flails
 32865 | Lair:5   | Reached XP level 14. HP: 106/121 MP: 25/25
 32906 | Lair:5   | Reached skill level 15 in Invocations
 34148 | Lair:6   | Reached skill level 1 in Shields
 34291 | Lair:6   | Identified the +0 great mace of Severance {vorpal, rF+}
 34580 | D:12     | Found a staircase to the Orcish Mines.
 34612 | D:12     | Found a runed translucent door.
 34613 | D:12     | Noticed Patoropollo's ghost (journeyman MiAK)
 34987 | D:13     | Noticed Kirke
 35002 | D:13     | Noticed Jorgrun
 35068 | D:13     | Noticed a sphinx
 35128 | Orc:1    | Entered Level 1 of the Orcish Mines
 35232 | Orc:1    | Reached skill level 5 in Shields
 35233 | Orc:1    | Paralysed by an orc sorcerer for 5 turns
 35483 | Orc:1    | Found a dark tunnel.
 35501 | Volcano  | Entered a volcano
 35837 | Volcano  | Found a bloodstained altar of Trog.
 35853 | Volcano  | Found a bloodstained altar of Trog.
 35869 | Volcano  | Found the +0 pair of fencer's gloves {Riposte Dex+3}
 35973 | Orc:2    | Entered Level 2 of the Orcish Mines
 36060 | Orc:2    | Found a roughly hewn altar of Beogh.
 36383 | Orc:2    | Found a staircase to the Elven Halls.
 36388 | Orc:2    | Found a roughly hewn altar of Beogh.
 36576 | Orc:2    | Noticed an orc warlord
 36599 | Orc:2    | Killed an orc warlord
 36600 | Orc:2    | Reached XP level 15. HP: 110/136 MP: 14/27
 36872 | Orc:2    | Found a roughly hewn altar of Beogh.
 36874 | Orc:2    | Found Vayra's General Store.
 36931 | Orc:2    | Bought a scroll of teleportation for 45 gold pieces
 37300 | Orc:2    | Found a roughly hewn altar of Beogh.
 37362 | Orc:2    | Found Zeqiageq's Weapon Shoppe.
 37491 | Orc:2    | Found a roughly hewn altar of Beogh.
 37491 | Orc:2    | Found Loaxuog's Antique Weapon Boutique.
 37498 | Orc:2    | Found Deaq Suamehe's Antique Armour Shop.
 37580 | Orc:2    | Bought a +2 demon whip of freezing for 585 gold pieces
 37836 | D:12     | Killed Kirke
 38042 | D:13     | Killed Jorgrun
 38127 | D:13     | Noticed Josephine
 38143 | D:13     | Killed Josephine
 38218 | D:13     | Reached skill level 15 in Fighting
 38860 | D:13     | Found a gate to the Vaults.
 39464 | D:14     | Reached skill level 5 in Dodging
 40238 | D:15     | Entered Level 15 of the Dungeon
 40281 | D:15     | Noticed Agnes
 40294 | D:15     | Killed Agnes
 41074 | D:15     | Found a staircase to the Depths.
 41318 | Spider:1 | Entered Level 1 of the Spider Nest
 41512 | Spider:1 | Noticed Mlioglotl
 41641 | Spider:1 | Killed Mlioglotl
 41816 | Spider:1 | Reached XP level 16. HP: 149/149 MP: 28/28
 44316 | Spider:4 | Entered Level 4 of the Spider Nest
 44977 | Spider:4 | Reached skill level 1 in Evocations
 45079 | Spider:4 | Reached skill level 10 in Dodging
 45770 | Spider:4 | Reached XP level 17. HP: 79/156 MP: 0/30
 46111 | Spider:4 | Reached skill level 5 in Evocations
 46801 | Spider:4 | Got a gossamer rune of Zot
 46804 | Spider:4 | Identified the +0 pair of gloves of Ygickad {Fly rElec
                  | Stlth+}
 47069 | Shoals:1 | Entered Level 1 of the Shoals
 47097 | Shoals:1 | Upgraded the game from 0.29-a0-356-g7bc237e783 to
                  | 0.29-a0-378-gc08b2e8bf8
 47158 | Shoals:1 | Identified the +1 pair of gloves "Mawasy" {rElec rPois rC-
                  | rN+++}
 48488 | Shoals:2 | Got the Incunabulum of the Harmful Compass
 49953 | Shoals:3 | Reached XP level 18. HP: 159/168 MP: 32/32
 50520 | Shoals:4 | Entered Level 4 of the Shoals
 51962 | Shoals:4 | Identified the ring "Eninuisy" {Ice rElec}
 52460 | Shoals:4 | Got the Volume of Floating Unholy Secrets
 52468 | Shoals:4 | Learned a level 6 spell: Death Channel
 52495 | Shoals:4 | Got a barnacled rune of Zot
 52858 | Vaults:1 | Entered Level 1 of the Vaults
 52882 | Vaults:1 | You fall into a shaft and drop 1 floor!
 53074 | Vaults:2 | Noticed a lich
 53081 | Vaults:2 | Killed a lich
 53082 | Vaults:2 | Found a staircase to the Crypt.
 53171 | Vaults:2 | Identified the +11 whip of the Eternal Void {flame, +Blink
                  | rF- Int+6 Dex+3}
 53333 | Vaults:2 | HP: 2/178 [vault warden/+0 glaive (49)]
 53746 | Vaults:2 | Reached XP level 19. HP: 89/185 MP: 17/34
 55911 | Vaults:2 | Paralysed by a sphinx for 6 turns
 57808 | Vaults:3 | Reached XP level 20. HP: 196/200 MP: 35/35
 58539 | Vaults:3 | Reached skill level 15 in Necromancy
 58727 | Vaults:3 | Paralysed by a great orb of eyes for 2 turns
 58792 | Vaults:3 | Found a runed translucent gate.
 58792 | Vaults:3 | Found a runed translucent gate.
 58846 | Vaults:3 | Found a runed translucent gate.
 58870 | Vaults:3 | Noticed Phlounder's ghost (adept DjSu)
 59967 | Vaults:4 | Paralysed by a sphinx for 2 turns
 59995 | Vaults:4 | Killed from afar by an ironbound thunderhulk

Illustrated notes

Levels and vault maps discovered:
D:1:      dpeg_arrival_circle_labyrinth_c, layout_loops_ring,
          ebering_ecumenical_altar_webs, serial_park_tiny_1,
          minmay_gold_behind_fungi, minivault_26, minmay_domino_2
D:2:      layout_basic, feat_on_display, uniq_robin
D:3:      layout_rooms, serial_shops, shop, uniq_sigmund
D:4:      layout_gridville, fedhas_ov_isle_minmay
D:5:      layout_basic, minmay_temple_entry_mist, serial_curves, eino_curves_02,
          eino_curves_02, gammafunk_ghost_arena
D:6:      layout_basic, chequers_avenue
D:7:      layout_cave_pools, led_sif_pool, enter_bailey_4,
          gammafunk_ghost_nasty_kobolds, uniq_joseph
D:8:      layout_rooms, serial_shops, shop, enter_ossuary_3, wad_rectangle_vault
D:9:      layout_cave_pods, serial_shops, shop_statue
D:10:     layout_basic, serial_shops, nicolae_shop_behind_doors
D:11:     layout_loops_corners, lair_entry_dummy
D:12:     layout_long_grid, minmay_orc_entry_guard_dogs,
          ebering_ghost_inner_flame, nicolae_elevator_lobby_plus
D:13:     layout_stronghold, ximxim_vaults_locker_room, bh_walls_and_bars,
          uniq_kirke, uniq_jorgrun, uniq_josephine
D:14:     layout_long_grid
D:15:     grunt_enter_depths_hoard, layout_loops_ring, minmay_crystal_water,
          uniq_agnes
Temple:   mainiacjoe_temple_big_plus
Lair:1:   layout_layer_cave, grunt_megastairs_2
Lair:2:   nzn_winding_woodlands_three_and_one
          [nzn_winding_woodlands_5x15_sidewinder,
          nzn_winding_woodlands_5x15_cabin, nzn_winding_woodlands_5x15_parted,
          nzn_winding_woodlands_center_lodge], layout_loops_ring,
          minmay_shoals_entry_beasts, spider_nest_entry_webs,
          ebering_ghost_reflecting_pool, lemuel_fruit_fields
Lair:3:   layout_roguey, grunt_megastairs_1, serial_bayou_shore_b,
          serial_bayou_shore_b, infiniplex_staircase_pool
Lair:4:   statuecave_lemuel, layout_cave_pods, minivault_11,
          chequers_serial_rivers_room_a, grunt_megastairs_3,
          serial_bayou_shore_a
Lair:5:   layout_cave_pods, nzn_masters_of_martial_movement,
          serial_bayou_shore_b
Lair:6:   grunt_lair_end_beastmaster, layout_regular_city, slime_altar_1,
          portal_ice_cave_entry_pillars_2
Shoals:1: layout_shoals, nicolae_shoals_arrival_archipelago
Shoals:2: layout_shoals
Shoals:3: layout_shoals, nicolae_shoals_undead_eyrie
Shoals:4: shoals_end_hellmonk_lost_city
Spider:1: layout_spider_delve, drop_trap, uniq_mlioglotl
Spider:2: layout_spider_delve
Spider:3: layout_spider_delve
Spider:4: floodkiller_spider_rune_tomb, worms_lemuel
Orc:1:    layout_caves, enter_volcano_3
Orc:2:    grunt_orc_community_town_hall, layout_caves,
          grunt_orc_community_big_house_2, grunt_orc_community_big_house_1,
          grunt_orc_community_house_3, grunt_orc_community_house_1,
          grunt_orc_community_house_2, grunt_orc_community_house_1,
          grunt_orc_community_house_2, grunt_orc_community_house_3,
          roderic_batcave
Vaults:1: nicolae_vaults_three_branches, ontoclasm_vaults_hangar,
          ontoclasm_vaults_ring_square, nicolae_vaults_angled_halls,
          ontoclasm_vaults_pinch, layout_vaults_omnigrid
Vaults:2: v_alt_pattern_6, hangedman_vaults_river_flow,
          ontoclasm_vaults_ligature, nicolae_vaults_stairing_the_circle,
          ontoclasm_vaults_decontamination, v_alt_pattern_3,
          hangedman_vaults_nails, nicolae_vaults_an_arrangement,
          nicolae_vaults_shelves_hall, vaults_dpeg_hooks,
          nicolae_vaults_mini_display_case, hangedman_vaults_capsules,
          minmay_crypt_entry_nasty_monster, layout_vaults_big_room
Vaults:3: gammafunk_ghost_tricky_traps, v_misc_23, nicolae_vaults_big_ls,
          st_cells, nicolae_vaults_network_barrier, vaults_room_grid,
          hangedman_vaults_slice, v_misc_2, ontoclasm_vaults_shuriken,
          v_misc_16, ontoclasm_vaults_chip, layout_vaults_ring
Vaults:4: ontoclasm_vaults_fault, v_misc_28, v_misc_3,
          nicolae_vaults_border_crossing, hangedman_vaults_cutoff,
          vaults_room_fancy_cross, hangedman_vaults_corner_blocks,
          nicolae_vaults_little_squares_6, v_rooms_3, grunt_vaults_bifocal,
          vaults_room_fancy_cross, v_misc_17, layout_vaults_maze

Skill      XL: |  1  2  3  4  5  6  7  8  9 10 11 12 13 14 15 16 17 18 19 20 |
---------------+-------------------------------------------------------------+-----
Necromancy     | 5 6 7 8 9 10 11 13 16 | 16.0
Fighting       | 4 5 7 10 13 15 16 20 22 | 22.0
Armour         | 1 4 8 10 | 10.0
Invocations    | 3 7 10 11 14 16 18 21 22 | 22.0
Maces & Flails | 7 12 13 15 16 | 16.0
Spellcasting   | 2 3 |  3.0
Shields        | 5 |  5.0
Dodging        | 8 10 | 10.0
Evocations     | 4 5 8 |  8.2
Stealth        | |  1.5

Action                   |  1- 3 |  4- 6 |  7- 9 | 10-12 | 13-15 | 16-18 | 19-21 || total
-------------------------+-------+-------+-------+-------+-------+-------+-------++-------
Melee: Short sword       |    34 |    62 |    99 |       |       |       |       ||   195
       Punch             |       |     2 |     3 |    16 |     4 |       |       ||    25
       Flail             |       |       |   143 |   159 |       |       |       ||   302
       Morningstar       |       |       |       |   686 |  1117 |    58 |       ||  1861
       Unarmed           |       |       |       |       |    15 |       |       ||    15
       Demon whip        |       |       |       |       |   365 |  1443 |   962 ||  2770
 Fire: Hunting sling     |    13 |   181 |    95 |     6 |       |       |       ||   295
 Cast: Pain              |    10 |     8 |     2 |     4 |       |       |       ||    24
       Vampiric Draining |       |     3 |    35 |   135 |    21 |    78 |    16 ||   288
       Animate Dead      |       |       |     4 |       |    13 |    18 |    26 ||    61
       Agony             |       |       |       |       |     8 |     7 |     2 ||    17
Evoke: Wand              |       |       |    14 |    16 |    19 |    15 |       ||    64
       Condenser vane    |       |       |       |     1 |     3 |     4 |     3 ||    11
  Use: Scroll            |       |    10 |     5 |    18 |    13 |     9 |     8 ||    63
       Potion            |       |       |     3 |     4 |    13 |    12 |     9 ||    41
 Stab: Sleeping          |       |     3 |     1 |     2 |       |     1 |     1 ||     8
       Paralysed         |       |     1 |     8 |    55 |    61 |    59 |    66 ||   250
       Distracted        |       |       |       |     1 |    14 |    18 |    21 ||    54
       Confused          |       |       |       |       |       |     1 |     5 ||     6
Armor: Robe              |     7 |    25 |       |       |       |       |       ||    32
       Leather armour    |       |     4 |   124 |   367 |   579 |   467 |   184 ||  1725
       Chain mail        |       |       |       |       |     6 |       |       ||     6
Dodge: Dodged            |    30 |   102 |   272 |   602 |   609 |   856 |   366 ||  2837
       Repelled          |       |       |       |       |     3 |    16 |       ||    19
Block: Buckler           |       |       |       |       |   179 |   442 |   202 ||   823

Table legend: (Time is in decaauts)
 A = Elapsed time spent in this place.
 B = Non-inter-level travel time spent in this place.
 C = Inter-level travel time spent in this place.
 D = Time resting spent in this place.
 E = Time spent auto-exploring this place.
 F = Levels seen in this place.
 G = Mean time per level.
                   A        B        C        D        E       F      G
               +--------+--------+--------+--------+--------+-----+--------+
         Total |  59197 |  56186 |   3011 |  16007 |  26599 |  39 | 1517.9 |
       Dungeon |  24873 |  23590 |   1283 |   7529 |  11888 |  15 | 1658.2 |
        Temple |    434 |    413 |     21 |      0 |    383 |   1 |  434.0 |
          Lair |  13042 |  12288 |    754 |   3853 |   5789 |   6 | 2173.7 |
        Shoals |   5403 |   5182 |    221 |   1571 |   1777 |   4 | 1350.8 |
   Spider Nest |   5486 |   5095 |    391 |   1175 |   2368 |   4 | 1371.5 |
  Orcish Mines |   2033 |   1876 |    157 |    226 |    918 |   2 | 1016.5 |
        Vaults |   6604 |   6423 |    181 |   1375 |   3073 |   4 | 1651.0 |
       Ossuary |    361 |    361 |      0 |      0 |    193 |   1 |  361.0 |
        Bailey |    577 |    577 |      0 |    198 |     95 |   1 |  577.0 |
       Volcano |    381 |    381 |      0 |     79 |    113 |   1 |  381.0 |
               +--------+--------+--------+--------+--------+-----+--------+

Top non-repeatable levels by time:
  Lair:1: 3565 daAuts
     D:9: 2842 daAuts
  Lair:2: 2825 daAuts
     D:8: 2531 daAuts
     D:6: 2387 daAuts
     D:2: 2384 daAuts
  Lair:6: 2312 daAuts
Spider:4: 2267 daAuts
    D:12: 2190 daAuts
Vaults:2: 2150 daAuts
Shoals:3: 2131 daAuts
     D:7: 1820 daAuts
Vaults:3: 1775 daAuts
  Lair:5: 1674 daAuts
Vaults:1: 1667 daAuts
